 Dungeon Crawl Stone Soup version 0.20.1-1-g8b1a95d (webtiles) character file.

19635 Pihi the Severer (level 12, -15/110 HPs)
             Began as a Hill Orc Fighter on Aug 15, 2017.
             Was the Champion of Okawaru.
             Killed from afar by Frances (21 damage)
             ... with an iron shot
             ... on level 12 of the Dungeon on Sept 25, 2017.
             The game lasted 00:58:55 (11141 turns).

Pihi the Severer (Hill Orc Fighter)                Turns: 11141, Time: 00:58:57

Health: -15/110    AC: 25    Str: 27    XL:     12   Next: 71%
Magic:  11/12      EV: 12    Int:  8    God:    Okawaru [******]
Gold:   877        SH:  8    Dex: 22    Spells: 11/11 levels left

rFire    . . .     SeeInvis .   V - +6 hand axe "Tatyudiy" {chop, Dex+7}
rCold    . . .     Gourm    .   y - +0 buckler
rNeg     . . .     Faith    .   U - +3 plate armour {MR+}
rPois    +         Spirit   .   L - +1 hat {MR+}
rElec    .         Reflect  .   Y - +2 cloak {rPois}
rCorr    .         Harm     .   w - +2 pair of gloves
MR       ++...                  (no boots)
Stlth    ..........             (no amulet)
Regen    0.3/turn               W - +3 ring of evasion
MPRegen  0.2/turn               h - +3 ring of dexterity

@: mighty
A: no striking features
a: Heroism, Finesse, Renounce Religion


You were on level 12 of the Dungeon.
You worshipped Okawaru.
Okawaru was exalted by your worship.
You were hungry.

You visited 2 branches of the dungeon, and saw 14 of its levels.

You collected 877 gold pieces.

Inventory:

Hand Weapons
 a - a +0 war axe
 c - a +0 blowgun
 F - the +1 spear of the Messenger {drain, rPois rC+ rN+++ MP+9 Stlth-}
   (You found it on level 7 of the Dungeon)

   A truly terrible weapon, it drains the life of those it strikes.
   It protects you from cold.
   It protects you from poison.
   It renders you almost immune to negative energy.
   It affects your magic capacity (+9).
   It makes you less stealthy.
 I - a cursed -2 hunting sling
 V - the +6 hand axe "Tatyudiy" (weapon) {chop, Dex+7}
   (You found it on level 11 of the Dungeon)

   It inflicts extra damage upon your enemies.
   It affects your dexterity (+7).
Missiles
 d - 17 poisoned needles
 t - 7 needles of confusion
 J - 51 sling bullets
Armour
 u - +0 fire dragon scales
 v - a +1 helmet
 w - a +2 pair of gloves (worn)
 y - a +0 buckler (worn)
 L - a +1 hat of magic resistance (worn)
 R - a +2 shield
 U - a +3 plate armour of magic resistance (worn)
 Y - a +2 cloak of poison resistance (worn)
Jewellery
 h - a +3 ring of dexterity (right hand)
 G - an uncursed ring of ice
 W - a +3 ring of evasion (left hand)
 Z - an uncursed ring of fire
Wands
 o - a wand of polymorph (23/24)
 r - a wand of digging (12/24)
 C - a wand of enslavement (20/24)
 E - a wand of flame (14/48)
 M - a wand of confusion (18/48)
 T - a wand of disintegration (5/24)
Scrolls
 j - 3 scrolls of magic mapping
 k - 13 scrolls of identify
 q - 2 scrolls of fear
 B - 4 scrolls of remove curse
 H - 2 scrolls of blinking {unknown}
 K - 3 scrolls of enchant weapon {unknown}
 N - a scroll of silence {unknown}
 S - a scroll of fog
Potions
 e - a potion of agility {unknown}
 l - 2 potions of ambrosia {unknown}
 m - 2 potions of curing
 n - a potion of cancellation {unknown}
 p - 3 potions of heal wounds {unknown}
 s - a potion of flight {unknown}
 z - 4 potions of haste {unknown}
 A - a potion of lignification {unknown}
 O - 3 potions of mutation {unknown}
 Q - a potion of resistance {unknown}
 X - 2 potions of brilliance {unknown}
Miscellaneous
 P - a fan of gales
Comestibles
 f - 9 bread rations
 g - 5 royal jellies
 i - 4 meat rations
 x - 28 fruits


   Skills:
 + Level 11.4 Fighting
 - Level 16.4 Axes
 + Level 10.5 Armour
 + Level 1.7 Dodging
 + Level 2.1 Stealth
 - Level 10.0 Shields


You had 11 spell levels left.
You didn't know any spells.

Dungeon Overview and Level Annotations

Branches:
Dungeon (13/15)            Temple (1/1) D:5
   Lair: D:8-11         Orc: D:9-12      Vaults: D:13-14

Altars:
Ashenzari
Dithmenos
Elyvilon
Fedhas
Gozag
Hepliaklqana
Kikubaaqudgha
Makhleb
Nemelex Xobeh
Okawaru
Qazlal
Ru
Trog
Uskayaw
Xom
Yredelemnul
Zin
The Shining One

Shops:
D:7 (   D:9 }

Annotations:
D:3 Xelenos's ghost, amateur FoFi
D:8 exclusion: electric eel
D:10 murphy's ghost, novice DsFE
D:11 exclusion: orange crystal statue
D:12 Frances
D:13 Kirke


Message History

Frances is heavily wounded.
You hit the ice devil. Frances hits you with a scimitar.
* * * LOW HITPOINT WARNING * * *
You block the ice devil's attack.
You slice Frances!!
Frances is almost dead.
You barely miss the ice devil.
Frances mutters in a terrible tongue.
You hit Frances.
Frances is almost dead.
You hit the ice devil but do no damage. You barely miss the chaos spawn.
You feel like a meek peon again. You block Frances's attack.
The ice devil misses you.
You slash Frances!
Frances is almost dead.
You barely miss the chaos spawn. You hit the ice devil but do no damage.
The chaos spawn closely misses you.
Frances chants phrases taken from a devil's mouth.
The iron shot hits you!
You die...

#...#...#....#...###+#..%$?..####
#...#...#....#.......#...(.....
#...###'#....#.......#......8...
#............#.......#.8[.......
.............#####...# #+######
######.#####.....#...# #.......
#.#...#.....#...# #....!..
#.#...#...@4#...# #.......
#.#...#..4.@#...#####...####
#.#...#....4#...........#...
######.#...+.....'...........#...
.......'...#.....#...........#...
.......#####.....#############...
............................≈....
................#####.......≈####
............#+###...#/.....≈.#...
............'.......#........#...


You could see Frances, an ice devil, a rust devil and a chaos spawn.

Vanquished Creatures
  Gastronok (D:8)
  Erolcha (D:10)
  Fannar (D:10)
  3 centaur warriors
  A two-headed ogre (D:10)
  An unseen horror (D:12)
  Pikel (D:6)
  An ugly thing (D:9)
  3 cyclopes
  Maurice (D:8)
  Joseph (D:7)
  Psyche (D:10)
  3 trolls
  Prince Ribbit (D:7)
  A hippogriff (D:8)
  A vampire (D:13)
  A hog (D:13)
  17 yaks
  8 vampire mosquitoes (D:12)
  A water moccasin (D:13)
  An acid dragon (D:12)
  8 sky beasts
  2 ice beasts
  A black bear (D:12)
  A slave (D:6)
  3 phantoms
  5 ogres
  3 wolves (D:8)
  10 centaurs
  8 big kobolds
  4 bullfrogs
  2 wyvern zombies
  5 scorpions
  A water moccasin skeleton (D:10)
  5 killer bees (D:13)
  A wight (D:9)
  A howler monkey (D:5)
  2 bullfrog zombies
  3 jellies
  7 crimson imps
  A bullfrog skeleton (D:6)
  10 hounds
  An orc priest (D:8)
  A centaur skeleton (D:5)
  Terence (D:2)
  2 iguanas
  6 orc wizards
  4 worker ants
  A killer bee zombie (D:6)
  A howler monkey zombie (D:6)
  2 worker ant zombies
  A howler monkey skeleton (D:5)
  3 gnolls (D:7)
  10 adders
  A shadow imp (D:8)
  2 oozes
  An adder zombie (D:5)
  An adder skeleton (D:7)
  2 worms
  A dart slug (D:2)
  7 leopard geckos
  50 orcs
  5 giant cockroaches
  10 goblins
  9 hobgoblins
  26 jackals
  39 kobolds
  5 quokkas
  2 ball pythons
  9 bats
  4 frilled lizards
  A giant cockroach zombie (D:5)
  A jackal skeleton (D:7)
  A leopard gecko skeleton (D:9)
  7 rats
350 creatures vanquished.

Vanquished Creatures (collateral kills)
  A quasit (D:10)
1 creature vanquished.

Vanquished Creatures (others)
  2 slaves
  A human (D:6)
  A howler monkey (D:8)
  An orc priest (D:6)
  A worker ant (D:13)
  2 orcs (D:6)
8 creatures vanquished.

Grand Total: 359 creatures vanquished

Notes
Turn   | Place    | Note
-------+----------+-------------------------------------------
     0 | D:1      | Pihi the Hill Orc Fighter began the quest for the Orb.
     0 | D:1      | Reached XP level 1. HP: 19/19 MP: 1/1
    20 | D:1      | Reached skill level 3 in Axes
    76 | D:1      | Reached XP level 2. HP: 15/26 MP: 2/2
   173 | D:1      | Reached skill level 4 in Axes
   436 | D:1      | Reached XP level 3. HP: 30/31 MP: 3/3
   927 | D:2      | Reached skill level 5 in Axes
  1182 | D:2      | Noticed Terence
  1198 | D:2      | Killed Terence
  1198 | D:2      | Reached XP level 4. HP: 39/39 MP: 4/4
  1642 | D:3      | Reached XP level 5. HP: 39/47 MP: 5/5
  1754 | D:3      | Reached skill level 5 in Fighting
  2017 | D:3      | Noticed Xelenos's ghost (amateur FoFi)
  2217 | D:4      | Found a glowing golden altar of the Shining One.
  2246 | D:4      | Found an opulent altar of Gozag.
  2876 | D:5      | Entered Level 5 of the Dungeon
  2886 | D:5      | Noticed an ogre
  2920 | D:5      | Reached XP level 6. HP: 56/57 MP: 6/6
  2939 | D:5      | Noticed a phantom
  2975 | D:5      | Killed a phantom
  3026 | D:5      | Found a staircase to the Ecumenical Temple.
  3033 | Temple   | Entered the Ecumenical Temple
  3082 | Temple   | Became a worshipper of Warmaster Okawaru
  3256 | D:5      | Reached XP level 7. HP: 28/68 MP: 7/7
  3335 | D:5      | Reached skill level 6 in Axes
  3414 | D:5      | Reached * piety under Okawaru
  3478 | D:5      | HP: 1/68 [ogre/giant club (16)]
  3486 | D:5      | Reached skill level 7 in Axes
  3490 | D:5      | Found a shattered altar of Ashenzari.
  3879 | D:6      | Reached XP level 8. HP: 70/74 MP: 8/8
  3906 | D:6      | Reached skill level 8 in Axes
  4040 | D:6      | Noticed Pikel
  4250 | D:6      | Killed Pikel
  4250 | D:6      | Reached ** piety under Okawaru
  4250 | D:6      | Reached skill level 10 in Axes
  4250 | D:6      | Reached skill level 5 in Shields
  4459 | D:6      | Reached XP level 9. HP: 54/81 MP: 9/9
  4726 | D:6      | Reached skill level 11 in Axes
  4852 | D:6      | Found an ancient bone altar of Kikubaaqudgha.
  4932 | D:7      | Found a hide-covered altar of Uskayaw.
  4933 | D:7      | Found a hazy altar of Hepliaklqana.
  5011 | D:7      | Reached *** piety under Okawaru
  5015 | D:7      | Found Eggih's Antique Weapon Emporium.
  5050 | D:7      | Got a crystal spear
  5068 | D:7      | Identified the +1 spear of the Messenger {drain, rPois rC+ rN+++ MP+9 Stlth-} (You found it on level 7 of the Dungeon)
  5085 | D:7      | Noticed Prince Ribbit
  5304 | D:7      | Noticed Joseph
  5447 | D:7      | Killed Prince Ribbit
  5447 | D:7      | Reached skill level 12 in Axes
  5537 | D:7      | Killed Joseph
  5537 | D:7      | Reached skill level 5 in Armour
  5646 | D:8      | Noticed Gastronok
  5683 | D:8      | Killed Gastronok
  5683 | D:8      | Reached **** piety under Okawaru
  5683 | D:8      | Reached skill level 14 in Axes
  5683 | D:8      | Reached XP level 10. HP: 24/88 MP: 8/10
  6122 | D:8      | Noticed a centaur warrior
  6326 | D:8      | Noticed Maurice
  6357 | D:8      | Killed Maurice
  6357 | D:8      | Reached ***** piety under Okawaru
  6357 | D:8      | Reached skill level 15 in Axes
  6386 | D:8      | Found a glowing golden altar of the Shining One.
  6387 | D:8      | Found a blossoming altar of Fedhas.
  6420 | D:8      | Killed a centaur warrior
  6545 | D:9      | Noticed a cyan ugly thing
  6583 | D:8      | Reached XP level 11. HP: 41/94 MP: 11/11
  6644 | D:9      | Found Buohoaza's Gadget Shop.
  7095 | D:9      | Found a basalt altar of Yredelemnul.
  7316 | D:10     | Entered Level 10 of the Dungeon
  7325 | D:9      | Reached skill level 16 in Axes
  7388 | D:10     | Noticed Psyche
  7595 | D:10     | Killed Psyche
  7595 | D:10     | Received a gift from Okawaru
  7677 | D:10     | Noticed Fannar
  7734 | D:10     | Killed Fannar
  8169 | D:10     | Noticed Erolcha
  8190 | D:10     | Killed Erolcha
  8190 | D:10     | Received a gift from Okawaru
  8332 | D:10     | Noticed a two-headed ogre
  8361 | D:10     | Killed a two-headed ogre
  8466 | D:10     | Noticed murphy's ghost (novice DsFE)
  8505 | D:9      | Killed a cyan ugly thing
  8853 | D:11     | Noticed a cyclops
  8880 | D:11     | Killed a cyclops
  8880 | D:11     | Reached skill level 10 in Fighting
  8985 | D:11     | Noticed a cyclops
  9002 | D:11     | Reached XP level 12. HP: 106/106 MP: 12/12
 10332 | D:12     | Reached skill level 10 in Armour
 10463 | D:12     | Noticed a five-headed hydra
 10463 | D:12     | Noticed a catoblepas
 10491 | D:11     | Got a crystal hand axe
 10492 | D:11     | Identified the +6 hand axe "Tatyudiy" {chop, Dex+7} (You found it on level 11 of the Dungeon)
 10640 | D:13     | Noticed Kirke
 10782 | D:11     | Reached skill level 1 in Stealth
 10782 | D:11     | Reached skill level 10 in Shields
 10808 | D:13     | Noticed a centaur warrior
 10825 | D:13     | Killed a centaur warrior
 11063 | D:13     | Noticed a centaur warrior
 11079 | D:13     | Killed a centaur warrior
 11079 | D:13     | Reached ****** piety under Okawaru
 11079 | D:13     | Reached skill level 1 in Dodging
 11116 | D:13     | Noticed Frances
 11138 | D:12     | HP: 5/110 [Frances/scimitar (3)]
 11141 | D:12     | Killed from afar by Frances

Skill      XL: |  1  2  3  4  5  6  7  8  9 10 11 12 |
---------------+-------------------------------------+-----
Axes           | 3 4 5 7 10 14 15 16 | 16.4
Fighting       | 4 6 8 10 11 | 11.4
Shields        | 4 6 9 10 | 10.0
Armour         | 7 8 9 10 | 10.5
Stealth        | 2 |  2.1
Dodging        | 1 |  1.7

Action                   |  1- 3 |  4- 6 |  7- 9 | 10-12 || total
-------------------------+-------+-------+-------+-------++-------
Melee: War axe           |    99 |   225 |   329 |   696 ||  1349
       Hand axe          |       |       |       |   110 ||   110
Invok: Heroism           |       |       |     4 |     9 ||    13
  Use: Scroll            |       |     8 |     2 |     9 ||    19
       Potion            |       |       |     3 |     4 ||     7
  Eat: Chunk             |     1 |     7 |     8 |    18 ||    34
Armor: Scale mail        |    55 |   113 |   129 |    96 ||   393
       Plate armour      |       |       |       |   258 ||   258
Dodge: Dodged            |    35 |    83 |    91 |   217 ||   426
Block: Shield            |    55 |   144 |    59 |     8 ||   266
       Buckler           |       |       |    47 |   190 ||   237
